Selects Australian Defense Battlegroup
Selects Australian Light Infantry Section
Australian Light Infantry Section
Construct Section Command Post
Selects 2-pounder Anti-tank Gun Team
2-pounder Anti-tank Gun Team
Construct Platoon Command Post
2-pounder Anti-tank Gun Team
Construct Field Infirmary
Construct Company Command Post
Selects CMP 15cwt Supply Run
Unlock M3 Grant Medium Tanks
Selects Artillery Trip Wire Flares
Selects Charged Creeping Barrage
Australian Light Infantry Section